 Dungeon Crawl Stone Soup version 0.22.1-1-ga44c0e56f4 (webtiles) character file.

25785 Chidaruma the Geomancer (level 12, -6/81 HPs)
             Began as a Demigod Earth Elementalist on Oct 30, 2018.
             Hit by a large rock thrown by a cyclops (41 damage)
             ... on level 13 of the Dungeon.
             The game lasted 01:53:52 (18348 turns).

Chidaruma the Geomancer (DgEE)                     Turns: 18348, Time: 01:54:00

Health: -6/81      AC:  8    Str: 14    XL:     12   Next: 56%
Magic:  26/39      EV: 13    Int: 40    God:
Gold:   785        SH:  0    Dex: 14    Spells: 16/31 levels left

rFire    . . .     SeeInvis .   c - +6 arbalest of Propriety {speed, Fragile Str+3 Int+4}
rCold    . . .     Gourm    .   (shield currently unavailable)
rNeg     . . .     Faith    .   R - +0 troll leather armour
rPois    .         Spirit   .   P - +0 helmet
rElec    .         Reflect  .   v - +1 cloak
rCorr    +         Harm     .   (no gloves)
MR       +....                  (no boots)
Stlth    ++........             (no amulet)
HPRegen  0.63/turn              Q - ring "Ydokuh" {rCorr +Blink +Inv Int+9 Dex-2}
MPRegen  0.26/turn              M - ring of magical power

@: no status effects
A: high mp 1
a: Evoke Blink, Evoke Invisibility


You were on level 13 of the Dungeon.
You were not hungry.

You visited 1 branch of the dungeon, and saw 11 of its levels.

You collected 785 gold pieces.

Inventory:

Hand Weapons
 c - the +6 arbalest of Propriety (weapon) {speed, Fragile Str+3 Int+4}
   (You found it on level 11 of the Dungeon)

   Attacks with this weapon are significantly faster.
   It affects your strength (+3).
   It affects your intelligence (+4).
   It will be destroyed if unequipped.
 h - a +0 hand axe
 j - a +0 spear
 k - a +1 hunting sling of flaming
 G - the +1 rapier of Gowypn {venom, rElec Int+4}
   (You found it on level 6 of the Dungeon)

   It poisons the flesh of those it strikes.
   It affects your intelligence (+4).
   It insulates you from electricity.
Missiles
 b - 202 stones
 H - 51 bolts (quivered)
 O - 88 sling bullets
Armour
 m - +0 acid dragon scales
 v - a +1 cloak (worn)
 z - a +3 leather armour
 B - a +2 leather armour of fire resistance
 L - a +0 shield
 P - a +0 helmet (worn)
 R - a +0 troll leather armour (worn)
Jewellery
 x - a +4 ring of intelligence
 D - an uncursed ring of poison resistance
 M - a ring of magical power (right hand)
 Q - the ring "Ydokuh" (left hand) {rCorr +Blink +Inv Int+9 Dex-2}
   (You found it on level 11 of the Dungeon)

   [ring of resist corrosion]

   It affects your intelligence (+9).
   It affects your dexterity (-2).
   It lets you turn invisible.
   It lets you blink.
 W - a +3 ring of protection {unknown}
 X - an uncursed amulet of regeneration {unknown}
Wands
 t - a wand of digging (5)
 J - a wand of iceblast (19)
 N - a wand of enslavement (3)
Scrolls
 e - 3 scrolls of identify
 f - 4 scrolls of remove curse
 i - 7 scrolls of teleportation
 n - 4 scrolls of noise {unknown}
 o - 2 scrolls of fear {unknown}
 r - 3 scrolls of fog
 w - a scroll of random uselessness {unknown}
 y - a scroll of enchant armour {unknown}
 F - 2 scrolls of magic mapping {unknown}
 I - 4 scrolls of enchant weapon {unknown}
 K - 4 scrolls of immolation
 S - 2 scrolls of amnesia {unknown}
 T - a scroll of summoning {unknown}
Potions
 a - 7 potions of degeneration
 g - a potion of mutation {unknown}
 l - 2 potions of curing {unknown}
 p - a potion of agility {unknown}
 q - 3 potions of flight
 u - 2 potions of lignification
 A - a potion of might {unknown}
 C - a potion of resistance
 E - 3 potions of heal wounds
 U - a potion of invisibility {unknown}
Miscellaneous
 s - a box of beasts
Comestibles
 d - 20 rations


   Skills:
 - Level 0.1 Slings
 - Level 1.3 Crossbows
 - Level 4.0 Armour
 - Level 3.1 Dodging
 - Level 3.6 Stealth
 - Level 4.2 Shields
 - Level 10.0 Spellcasting
 * Level 6.3 Conjurations
 - Level 1.3 Transmutations
 * Level 13.8 Earth Magic


You had 16 spell levels left.
You knew the following spells:

 Your Spells              Type           Power        Failure   Level  Hunger
a - Sandblast             Erth           ######       0%          1    None
b - Passwall              Tmut/Erth      ######..     1%          2    None
c - Stone Arrow           Conj/Erth      ######       1%          3    None
d - Petrify               Tmut/Erth      ######..     1%          4    None
e - Lee's Rapid Deconstr  Erth           #######...   1%          5    None

Your spell library contained the following spells:

 Spells                   Type           Power        Failure   Level  Hunger
 Flame Tongue             Conj/Fire      #####        1%          1    None
 Throw Flame              Conj/Fire      #####.       1%          2    None
 Conjure Flame            Conj/Fire      #####...     1%          3    None
 Borgnjor's Vile Clutch   Necr/Erth      ######....   3%          5    None
 Inner Flame              Hex/Fire       ###.....     6%          3    None
 Recall                   Summ/Tloc      N/A          6%          3    None
 Sticky Flame             Conj/Fire      #####...     6%          4    None
 Fireball                 Conj/Fire      #####.....   17%         5    None
 Animate Dead             Necr           N/A          22%         4    None
 Death Channel            Necr           ###.......   97%         6    ####...
 Simulacrum               Ice/Necr       ###.......   97%         6    ####...


Dungeon Overview and Level Annotations

Branches:
Dungeon (13/15)            Temple (0/1) D:4
   Lair: D:8-11         Orc: D:9-12      Vaults: D:13-14

Annotations:
D:11 1 exclusion


Innate Abilities, Weirdness & Mutations

You have an increased reservoir of magic. (+10% MP)


Message History

You open the lid... ...and a larval fireshock beast leaps out!
The wyvern misses you.
The wyvern bites you but does no damage.
Evoke which item? (* to show all) (? for menu, Esc to quit)
You open the lid... ...and a larval batfire beast flies out!
The wyvern bites you.
The cyclops throws a large rock.
The large rock barely misses you.
The large rock hits your larval fireshock beast!!
Your larval fireshock beast dies!
Your larval fireshock beast's corpse disappears in a puff of smoke!
Evoke which item? (* to show all) (? for menu, Esc to quit)
You open the lid... ...and a larval oxweird beast leaps out!
The wyvern closely misses you.
Your larval batfire beast barely misses the wyvern.
The cyclops throws a large rock.
The large rock hits you!!!
Ouch! That really hurt!
You die...

.#
#.....#.....#
.# #.....# .#
#.#...# .#
#.#...# .# #
#.....# .# #.
#.....# ##
#.. #H..§.#
#... #.lH.(#
#.... #.(@.§#
......#C###.#
.....)'.# #.#
.l....#.# #.#
#######Z. ..#
.... .# .....
.......
C....#.#


You could see a cyclops, a wyvern and 2 friendly mutant beasts.

Vanquished Creatures
  Rupert (D:13)
  Azrael (D:12)
  A centaur warrior (D:11)
  3 two-headed ogres
  2 tengu warriors (D:13)
  4 skeletal warriors
  An unseen horror (D:13)
  A wolf spider zombie (D:12)
  An orc knight (D:12)
  4 ugly things
  2 manticores (D:12)
  A cyclops (D:12)
  2 gargoyles
  A komodo dragon (D:11)
  A tengu conjurer (D:13)
  2 trolls (D:11)
  2 hornets (D:12)
  A meliai zombie (D:12)
  5 hippogriffs
  2 wyverns
  2 shadows (D:11)
  10 yaks
  3 wraiths
  A spriggan (D:11)
  3 fire elementals (D:11)
  A basilisk (D:11)
  A hungry ghost (D:10)
  A steam dragon (D:13)
  3 vampire mosquitoes (D:11)
  An acid dragon (D:11)
  2 hell hounds
  2 water moccasins
  2 sky beasts
  2 orc warriors (D:11)
  2 ice beasts
  A black bear (D:11)
  3 phantoms
  An eye of draining (D:11)
  4 ogres
  7 centaurs
  3 big kobolds
  6 bullfrogs
  A wyvern zombie (D:12)
  2 scorpions (D:11)
  16 killer bees
  A wight (D:11)
  4 howler monkeys
  3 crimson imps
  A jelly (D:12)
  3 bullfrog zombies
  An orc priest (D:6)
  8 hounds
  A quasit (D:10)
  4 centaur skeletons
  Jessica (D:3)
  Ijyb (D:4)
  3 iguanas
  6 orc wizards
  10 worker ants
  3 hound skeletons
  A worker ant zombie (D:11)
  3 gnolls (D:5)
  9 adders
  5 shadow imps
  3 oozes
  An adder skeleton (D:6)
  2 dart slugs
  A leopard gecko (D:7)
  20 orcs
  11 bats
  4 giant cockroaches
  8 goblins
  8 hobgoblins
  16 jackals
  21 kobolds
  3 quokkas
  A ball python (D:2)
  3 frilled lizards
  A leopard gecko skeleton (D:5)
  A leopard gecko zombie (D:7)
  5 rats
295 creatures vanquished.

Vanquished Creatures (others)
  A quokka (D:3)
1 creature vanquished.

Grand Total: 296 creatures vanquished

Notes
Turn   | Place    | Note
-------+----------+-------------------------------------------
     0 | D:1      | Chidaruma the Demigod Earth Elementalist began the quest
                  | for the Orb.
     0 | D:1      | Reached XP level 1. HP: 14/14 MP: 5/5
    96 | D:1      | Reached skill level 3 in Earth Magic
   258 | D:1      | Reached XP level 2. HP: 20/20 MP: 5/7
   503 | D:1      | Learned a level 2 spell: Passwall
   927 | D:1      | Reached XP level 3. HP: 18/26 MP: 5/9
  1446 | D:2      | Learned a level 3 spell: Stone Arrow
  1517 | D:2      | Found a hide-covered altar of Uskayaw.
  2426 | D:3      | Reached XP level 4. HP: 33/33 MP: 3/11
  2663 | D:3      | Found a white marble altar of Elyvilon.
  2702 | D:3      | Noticed Jessica
  2706 | D:3      | Killed Jessica
  3323 | D:4      | Found a staircase to the Ecumenical Temple.
  3548 | D:4      | Found a sacrificial altar of Ru.
  3634 | D:4      | Noticed Ijyb
  3651 | D:4      | Killed Ijyb
  3651 | D:4      | Reached skill level 1 in Armour
  3651 | D:4      | Reached skill level 4 in Earth Magic
  3651 | D:4      | Reached XP level 5. HP: 34/38 MP: 0/12
  4155 | D:4      | Reached skill level 1 in Conjurations
  4446 | D:5      | Entered Level 5 of the Dungeon
  4828 | D:5      | Found an opulent altar of Gozag.
  4888 | D:5      | Noticed a centaur
  4893 | D:5      | Killed a centaur
  4893 | D:5      | Reached XP level 6. HP: 42/45 MP: 4/15
  5722 | D:6      | Reached skill level 5 in Earth Magic
  5722 | D:6      | Reached XP level 7. HP: 31/50 MP: 15/17
  6111 | D:6      | Reached skill level 5 in Spellcasting
  6253 | D:6      | Found a hazy altar of Hepliaklqana.
  6254 | D:6      | Found a shimmering altar of Xom.
  6255 | D:6      | Noticed a spectral ugly thing
  6332 | D:6      | Found an ornate altar of the Wu Jian Council.
  6530 | D:6      | Got a steaming rapier
  6532 | D:6      | Identified the +1 rapier of Gowypn {venom, rElec Int+4}
                  | (You found it on level 6 of the Dungeon)
  6773 | D:7      | Found a burning altar of Makhleb.
  6859 | D:7      | Noticed a green ugly thing
  7225 | D:6      | Killed a brown ugly thing
  7225 | D:6      | Reached skill level 1 in Transmutations
  7225 | D:6      | Reached skill level 6 in Earth Magic
  7225 | D:6      | Reached XP level 8. HP: 5/57 MP: 0/20
  7812 | D:7      | Reached skill level 1 in Shields
  7838 | D:7      | Found a blossoming altar of Fedhas.
  7929 | D:7      | You fall through a shaft for 3 floors!
  7929 | D:10     | Entered Level 10 of the Dungeon
  8317 | D:10     | Reached XP level 9. HP: 50/62 MP: 16/22
  8479 | D:10     | Learned a level 4 spell: Petrify
  8485 | D:10     | Learned a level 5 spell: Lee's Rapid Deconstruction
  8500 | D:10     | Reached skill level 7 in Earth Magic
  9466 | D:11     | Reached skill level 8 in Earth Magic
  9849 | D:11     | Noticed a skeletal warrior
  9852 | D:11     | Killed a skeletal warrior
  9852 | D:11     | Reached XP level 10. HP: 69/69 MP: 12/26
  9852 | D:11     | Noticed a skeletal warrior
  9854 | D:11     | Noticed a skeletal warrior
 10432 | D:11     | Noticed a skeletal warrior
 11029 | D:10     | Killed a skeletal warrior
 11295 | D:11     | Reached skill level 9 in Earth Magic
 11518 | D:11     | Noticed a two-headed ogre
 11546 | D:11     | Killed a two-headed ogre
 11996 | D:11     | Killed a skeletal warrior
 12354 | D:11     | Reached XP level 11. HP: 74/74 MP: 25/29
 12391 | D:11     | Noticed a centaur warrior
 12624 | D:11     | Killed a skeletal warrior
 12948 | D:12     | Noticed a two-headed ogre
 12953 | D:12     | Killed a two-headed ogre
 13118 | D:11     | Reached skill level 10 in Spellcasting
 13552 | D:12     | Reached skill level 10 in Earth Magic
 13557 | D:12     | Noticed Azrael
 14579 | D:11     | Killed a centaur warrior
 14758 | D:11     | Got a faintly glowing pewter ring
 14762 | D:11     | Identified the ring "Ydokuh" {rCorr +Blink +Inv Int+9
                  | Dex-2} (You found it on level 11 of the Dungeon)
 14795 | D:11     | Got an ancient arbalest
 14801 | D:11     | Identified the +6 arbalest of Propriety {speed, Fragile
                  | Str+3 Int+4} (You found it on level 11 of the Dungeon)
 14942 | D:11     | Reached skill level 5 in Conjurations
 15255 | D:11     | Reached skill level 11 in Earth Magic
 15485 | D:12     | Paralysed by a hornet for 1 turns
 16195 | D:11     | Reached skill level 1 in Crossbows
 16642 | D:12     | Killed Azrael
 16787 | D:12     | Reached skill level 12 in Earth Magic
 16890 | D:12     | Reached XP level 12. HP: 66/81 MP: 30/30
 17659 | D:13     | Noticed Rupert
 17668 | D:13     | Killed Rupert
 17668 | D:13     | Reached skill level 13 in Earth Magic
 18348 | D:13     | Hit by a large rock thrown by a cyclops

Skill      XL: |  1  2  3  4  5  6  7  8  9 10 11 12 |
---------------+-------------------------------------+-----
Earth Magic    | 3 4 5 6 8 9 12 13 | 13.8
Spellcasting   | 2 3 4 5 6 8 9 10 | 10.0
Dodging        | 2 3 |  3.1
Armour         | 1 2 3 4 |  4.0
Stealth        | 2 3 |  3.6
Conjurations   | 1 2 3 4 5 6 |  6.3
Transmutations | 1 |  1.3
Shields        | 1 2 3 4 |  4.2
Crossbows      | 1 |  1.3
Slings         | |  0.1

Action                   |  1- 3 |  4- 6 |  7- 9 | 10-12 || total
-------------------------+-------+-------+-------+-------++-------
Melee: Hand axe          |    15 |       |       |       ||    15
       Spear             |     7 |       |       |       ||     7
       Rapier            |       |       |     5 |     3 ||     8
 Fire: Hunting sling     |    38 |    56 |   112 |   121 ||   327
       Arbalest          |       |       |       |    94 ||    94
 Cast: Sandblast         |    25 |     2 |    41 |    16 ||    84
       Stone Arrow       |    15 |    40 |    70 |   137 ||   262
       Passwall          |       |       |     2 |     4 ||     6
       Lee's Rapid Decon |       |       |     9 |    79 ||    88
       Petrify           |       |       |     3 |    10 ||    13
 Abil: Evoke Blink       |       |       |       |     1 ||     1
Evoke: Box of beasts     |       |       |       |     3 ||     3
  Use: Scroll            |       |     4 |     2 |     5 ||    11
 Stab: Sleeping          |     1 |       |       |       ||     1
  Eat: Chunk             |     6 |    13 |    15 |    21 ||    55
       Ration            |       |       |       |     3 ||     3
Armor: Robe              |    19 |       |       |       ||    19
       Leather armour    |       |     7 |    24 |    35 ||    66
       Troll leather arm |       |       |       |    49 ||    49
Dodge: Dodged            |    40 |    28 |    61 |   182 ||   311
Block: Shield            |       |       |       |     4 ||     4
